 Dungeon Crawl Stone Soup version 0.29-a0-925-g0a7a3d12f8 (webtiles) character file.

Game seed: 4287024145833630274

58 nicolae the Changer (level 4, -1/42 HPs)
             Began as an Octopode Transmuter on July 29, 2022.
             Slain by an orc wizard
             ... wielding a +0 dagger
              (4 damage)
             ... on level 3 of the Dungeon.
             The game lasted 00:06:43 (3012 turns).

nicolae the Changer (Octopode Transmuter)           Turns: 3012, Time: 00:06:44

Health: -1/42      AC:  1    Str:  9    XL:     4   Next: 2%
Magic:  2/7        EV: 13    Int: 17    God:
Gold:   138        SH:  0    Dex: 12    Spells: 1/7 levels left

rFire   . . .      SeeInvis .     - Unarmed
rCold   . . .      Faith    .   (no shield)
rNeg    . . .      Spirit   .   (helmet restricted)
rPois   .          Reflect  .   q - amulet of regeneration
rElec   .          Harm     .   (no ring)
rCorr   .          Rampage  .   (no ring)
Will    .....                   (no ring)
Stlth   ..........              (no ring)
HPRegen 0.94/turn               (no ring)
MPRegen 0.10/turn               (no ring)
                                (no ring)
                                (no ring)

@: berserking, very quick
A: almost no armour, amphibious, 8 rings, camouflage 1, gelatinous body 1,
(nimble swimmer 1), tentacles
a: no special abilities


You were on level 3 of the Dungeon.
You visited 1 branch of the dungeon, and saw 3 of its levels.

You collected 138 gold pieces.

Inventory:

Jewellery
 q - an amulet of regeneration (around mantle)
Wands
 l - a wand of mindburst (14)
Scrolls
 a - a scroll of immolation {unknown}
 c - 3 scrolls of identify {unknown}
 e - a scroll of vulnerability {unknown}
 f - a scroll of teleportation {unknown}
 g - a scroll of silence {unknown}
 m - 4 scrolls of amnesia {unknown}
 n - 2 scrolls of butterflies {unknown}
Potions
 h - a potion of magic
 k - a potion of might {unknown}
 o - a potion of brilliance {unknown}
 p - a potion of mutation {unknown}


   Skills:
 - Level 1.0 Fighting
 - Level 2.0 Dodging
 - Level 3.0 Unarmed Combat
 - Level 2.0 Spellcasting
 + Level 4.2 Transmutations


You had one spell level left.
You knew the following spells:

 Your Spells              Type           Power      Damage    Failure   Level
a - Beastly Appendage     Tmut           30%        N/A       3%          1
b - Wereblood             Tmut           15%        N/A       5%          2
c - Spider Form           Tmut/Pois      8%         N/A       24%         3

Your spell library contained the following spells:

 Spells                   Type           Power      Damage    Failure   Level
 Blink                    Tloc           2%         N/A       28%         2
 Lesser Beckoning         Tloc           1%         N/A       50%         3
 Portal Projectile        Hex/Tloc       2%         N/A       50%         3
 Tukima's Dance           Hex            1%         N/A       50%         3
 Ice Form                 Ice/Tmut       8%         N/A       63%         4
 Blade Hands              Tmut           7%         N/A       67%         5
 Corpse Rot               Necr/Pois/Air  1%         N/A       88%         4
 Dispel Undead            Necr           1%         3d6       88%         4
 Manifold Assault         Tloc           1%         N/A       99%         5
 Summon Forest            Summ/Tloc      0%         N/A       99%         5
 Death Channel            Necr           0%         N/A       100%        6
 Eringya's Noxious Bog    Tmut/Pois      4%         N/A       100%        6
 Summon Hydra             Summ           0%         N/A       100%        7


Dungeon Overview and Level Annotations

Branches:
Dungeon (3/15)

Altars:


Innate Abilities, Weirdness & Mutations

You cannot wear most types of armour.
You are amphibious.
You can wear up to eight rings at the same time.
Your skin changes colour to match your surroundings (Stealth+).
Your rubbery body absorbs attacks. (AC +1, EV +1)
((You are camouflaged when in or above water. (Stealth+)))
You have tentacles for arms and can constrict up to eight enemies at once.


Message History

You closely miss something.
You hiss as the wereblood boils in your veins!
Something hits you. x2
You hear some strange, mumbled words.
You are confused.
It was a potion of flight.
You feel very buoyant.
You fly up into the air.
It was a potion of cancellation.
Your magical effects are unravelling.
You feel magically purged.
Your transformation has ended.
You float gracefully downwards.
You feel less confused.
Your primal bloodlust has ended.
Something hits you. Something barely misses you.
It was a potion of berserk rage.
A red film seems to cover your vision as you go berserk!
You feel yourself moving faster!
You feel mighty! Something hits you.
* * * LOW HITPOINT WARNING * * *
Something hits you.
* * * LOW HITPOINT WARNING * * *
You completely miss something. Something barely misses you.
Something completely misses you.
You barely miss something. Your squeeze misses something. You miss something.
Something hits you.
* * * LOW HITPOINT WARNING * * *
Something barely misses you.
You miss something.
You hear some strange, mumbled words.
Something tries to affect you, but you resist.
Something hits you.
* * * LOW HITPOINT WARNING * * *
You closely miss something. Your squeeze misses something. You miss something.
Something hits you.
* * * LOW HITPOINT WARNING * * *
Something hits you.
* * * LOW HITPOINT WARNING * * *
You completely miss something. Your squeeze misses something.
Something hits you.
You die...

......###....
............
..##'###..##
†.##.###..####
####.........######
# #####......#...##
#...........#
#.###.......# #.#
#....@{.#
##########{##
......o).#
....###### .


There were no monsters in sight!

Vanquished Creatures
  An adder (D:3)
  2 worms (D:2)
  A dart slug (D:1)
  2 orcs (D:3)
  2 bats (D:1)
  7 endoplasms
  A giant cockroach (D:1)
  8 goblins
  2 hobgoblins
  2 jackals (D:1)
  A ball python (D:1)
  4 kobolds
  3 rats
36 creatures vanquished.

Vanquished Creatures (others)
  2 plants (D:1)
2 creatures vanquished.

Grand Total: 38 creatures vanquished

Notes
Turn   | Place    | Note
-------+----------+-------------------------------------------
     0 | D:1      | nicolae the Octopode Transmuter began the quest for the
                  | Orb.
     0 | D:1      | Reached XP level 1. HP: 13/13 MP: 3/3
   247 | D:1      | Reached XP level 2. HP: 12/18 MP: 3/5
   250 | D:1      | Learned a level 2 spell: Wereblood
   534 | D:1      | Reached skill level 3 in Transmutations
   583 | D:1      | Found a faded altar of an unknown god.
   929 | D:1      | Reached XP level 3. HP: 20/23 MP: 4/6
  1638 | D:2      | Learned a level 3 spell: Spider Form
  2841 | D:3      | Reached skill level 4 in Transmutations
  2997 | D:3      | Reached XP level 4. HP: 23/28 MP: 1/7
  3012 | D:3      | Slain by an orc wizard

Illustrated notes

Levels and vault maps discovered:
D:1:      saegor_arrival_simple_c, layout_basic, serial_forest,
          infiniplex_forest_end_1, infiniplex_forest_lined_room_3,
          infiniplex_forest_lined_room_2, infiniplex_forest_lined_room_3,
          infiniplex_forest_clump_double, infiniplex_forest_clump_small,
          infiniplex_forest_clump_tiny, chequers_ecumenical_altar_island
D:2:      layout_basic, solitary_fountain, minmay_misc_feat_rugged
D:3:      layout_basic

Skill      XL: |  1  2  3 |
---------------+----------+-----
Transmutations | 3 4 |  4.2
Fighting       | |  1.0
Dodging        | |  2.0
Unarmed Combat | |  3.0
Spellcasting   | |  2.0

Action                   |  1- 3 |  4- 6 || total
-------------------------+-------+-------++-------
Melee: Unarmed           |    87 |    11 ||    98
       Kick              |    29 |       ||    29
       Tentacles         |    19 |       ||    19
       Constrict         |    18 |       ||    18
       Punch             |     1 |       ||     1
 Cast: Beastly Appendage |    23 |       ||    23
       Spider Form       |     1 |       ||     1
       Wereblood         |     1 |       ||     1
  Use: Potion            |     2 |     3 ||     5
 Stab: Sleeping          |     9 |       ||     9
Armor: Skin              |     3 |       ||     3
Dodge: Dodged            |    36 |     7 ||    43

Table legend: (Time is in decaauts)
 A = Elapsed time spent in this place.
 B = Non-inter-level travel time spent in this place.
 C = Inter-level travel time spent in this place.
 D = Time resting spent in this place.
 E = Time spent auto-exploring this place.
 F = Levels seen in this place.
 G = Mean time per level.
                   A        B        C        D        E       F      G
               +--------+--------+--------+--------+--------+-----+--------+
         Total |   3004 |   2933 |     71 |    752 |   1819 |   3 | 1001.3 |
       Dungeon |   3004 |   2933 |     71 |    752 |   1819 |   3 | 1001.3 |
               +--------+--------+--------+--------+--------+-----+--------+

Top non-repeatable levels by time:
     D:2: 1483 daAuts
     D:1: 1181 daAuts
     D:3: 339 daAuts
